 Dungeon Crawl Stone Soup version 0.20.0-8-g6b59dc7 (console) character file.

1496 removed the Twirler (level 8, -7/61 HPs)
             Began as a Mummy Arcane Marksman on May 30, 2017.
             Was a Believer of Trog.
             Mangled by an orc warrior
             ... wielding a +0 dire flail
              (10 damage)
             ... on level 7 of the Dungeon.
             The game lasted 00:15:46 (7620 turns).

removed the Twirler (Mummy Arcane Marksman)         Turns: 7620, Time: 00:15:47

Health: -7/61      AC: 13    Str: 15    XL:     8   Next: 51%
Magic:  10/10      EV:  4    Int: 13    God:    Trog [**....]
Gold:   306        SH:  0    Dex: 12    Spells: 8/9 levels left

rFire    . . .     SeeInvis +   b - +0 quarterstaff
rCold    + . .     Gourm    +   (shield currently unavailable)
rNeg     + + +     Faith    .   F - +0 plate armour
rPois    ∞         Spirit   .   h - +0 helmet
rElec    .         Reflect  .   m - +0 cloak
rCorr    .         Harm     .   (no gloves)
MR       +++..                  (no boots)
Stlth    ..........             u - amulet of the gourmand
Regen    1.2/turn               w - ring of see invisible
MPRegen  0.2/turn               x - ring of protection from fire

@: about to teleport, regenerating
A: no food or potions, fire vulnerability, cold resistance 1, negative energy
resistance 3, torment resistance, unbreathing
a: Trog's Hand, Burn Spellbooks, Renounce Religion


You were on level 7 of the Dungeon.
You worshipped Trog.
Trog was pleased with you.
You were not hungry.

You visited 2 branches of the dungeon, and saw 10 of its levels.

You collected 306 gold pieces.

Inventory:

Hand Weapons
 a - a +1 dagger of venom
 b - a +0 quarterstaff (weapon)
 i - a +0 short sword
 l - a +0 spear
 t - a +0 war axe
 C - a +2 dagger of freezing
Missiles
 c - a javelin
 d - 4 throwing nets
 z - 4 poisoned javelins (quivered)
Armour
 g - a +0 robe
 h - a +0 helmet (worn)
 k - a +0 shield
 m - a +0 cloak (worn)
 n - a +0 chain mail
 F - a +0 plate armour (worn)
Jewellery
 u - an amulet of the gourmand (around neck)
 w - a ring of see invisible (left hand)
 x - a ring of protection from fire (right hand)
Wands
 y - a wand of lightning (0/15)
 A - a wand of disintegration (10/24)
 D - a wand of random effects (27/48)
Scrolls
 e - 2 scrolls of remove curse
 f - 4 scrolls of enchant weapon
 q - a scroll of amnesia
 s - a scroll of recharging
 v - a scroll of identify
 B - 2 scrolls of teleportation
 E - a scroll of enchant armour


   Skills:
 - Level 4.8 Fighting
 + Level 7.4 Staves
 - Level 1.5 Throwing
 - Level 2.2 Armour
 - Level 1.5 Dodging
 - Level 1.3 Spellcasting
 - Level 2.6 Hexes


You had 8 spell levels left.
You knew the following spells:

 Your Spells              Type           Power        Failure   Level  Hunger
a - Corona                Hex            #......      100%        1    N/A

Dungeon Overview and Level Annotations

Branches:
Dungeon (9/15)             Temple (1/1) D:4
   Lair: D:8-11         Orc: D:9-12

Altars:
Cheibriados
Dithmenos
Elyvilon
Fedhas
Gozag
Kikubaaqudgha
Makhleb
Nemelex Xobeh
Okawaru
Qazlal
Ru
Trog
Uskayaw
Vehumet
Xom
Zin
The Shining One
Beogh

Shops:
D:6 *=

Annotations:
D:2 Sigmund
D:5 Eustachio


Innate Abilities, Weirdness & Mutations

You do not eat or drink.
Your flesh is vulnerable to fire.
You are immune to poison.
Your flesh is cold resistant. (rC+)
You are immune to negative energy. (rN+++)
You are immune to unholy pain and torment.
You can survive without breathing.


Message History

Okay, then.
You can't drink.
As you read the scroll of identify, it crumbles to dust.
E - a scroll of enchant armour The orc warrior hits you with a dire flail!
The orc warrior hits you with a battleaxe.
* * * LOW HITPOINT WARNING * * *
You hit the orc warrior.
The orc warrior is lightly wounded.
The orc warrior hits you with a dire flail!
* * * LOW HITPOINT WARNING * * *
The orc warrior hits you with a battleaxe.
* * * LOW HITPOINT WARNING * * *
You can't drink.
Evoke which item? (* to show all) (? for menu, Esc to quit)
Okay, then.
You hit the orc warrior but do no damage.
The orc warrior is lightly wounded.
The orc warrior hits you with a dire flail!
You die...

...##.....).......##..#..........
...#..###########..#..###.#......
...#.## ...##.#..# #.#......
...#.# .### ...#.#..# #.#......
...#.# ..#. ..#.##)# #.#......
...#.# ..... #.#.##.###.#......
.....# #.8$8[##o#..#..##.#......
.....# ..._|)}#o#©....##.#......
.....# #.8o8o##@#......# #......
####.# ..o...o#o#.##.#.# #......
#.# . #..oo#.##.#.# . #.#
##ooo#.##.#.. #.## ....##.##.##..
#..###########..##.# ..#
##.............###.. .>.
#############.# ..#


You could see 3 orc warriors, 2 orc priests and 3 orcs.

Vanquished Creatures
  A hippogriff (D:7)
  Duvessa (D:7)
  An orc warrior (D:7)
  An ice beast (D:7)
  A phantom (D:4)
  Dowan (D:7)
  A crimson imp (D:7)
  A centaur zombie (D:5)
  3 hounds
  A jelly (D:7)
  3 orc priests
  A bullfrog skeleton (D:6)
  7 orc wizards
  An iguana (D:7)
  2 worker ants
  A hound zombie (D:7)
  A howler monkey skeleton (D:5)
  10 adders
  4 gnolls
  A shadow imp (D:5)
  An adder skeleton (D:6)
  2 worms
  3 dart slugs
  4 leopard geckos
  30 orcs
  A ball python (D:1)
  13 bats
  6 giant cockroaches
  5 goblins
  7 hobgoblins
  12 jackals
  7 kobolds
  A quokka (D:5)
  6 frilled lizards
  A leopard gecko zombie (D:6)
  A quokka skeleton (D:7)
  7 rats
150 creatures vanquished.

Notes
Turn   | Place    | Note
-------+----------+-------------------------------------------
     0 | D:1      | removed the Mummy Arcane Marksman began the quest for the Orb.
     0 | D:1      | Reached XP level 1. HP: 15/15 MP: 2/2
    98 | D:1      | Reached XP level 2. HP: 12/22 MP: 4/4
   873 | D:1      | Reached XP level 3. HP: 18/29 MP: 5/5
  1312 | D:2      | Reached XP level 4. HP: 31/37 MP: 6/6
  1356 | D:2      | Noticed Sigmund
  2338 | D:3      | Found a stormy altar of Qazlal.
  2431 | D:3      | Reached XP level 5. HP: 35/43 MP: 7/7
  2444 | D:3      | Reached skill level 1 in Armour
  3544 | D:4      | Reached skill level 1 in Staves
  3771 | D:4      | Found a staircase to the Ecumenical Temple.
  3781 | Temple   | Entered the Ecumenical Temple
  3848 | Temple   | Became a worshipper of Trog the Wrathful
  4076 | D:4      | Reached XP level 6. HP: 49/50 MP: 8/8
  4131 | D:4      | Found a white marble altar of Elyvilon.
  4131 | D:4      | Found a glowing golden altar of the Shining One.
  4144 | D:4      | Found a sacrificial altar of Ru.
  4146 | D:4      | Found a glowing silver altar of Zin.
  4147 | D:4      | Found a radiant altar of Vehumet.
  4301 | D:5      | Entered Level 5 of the Dungeon
  4303 | D:5      | Found a shadowy altar of Dithmenos.
  4340 | D:4      | Reached skill level 2 in Staves
  4571 | D:5      | Reached * piety under Trog
  4620 | D:5      | Reached skill level 3 in Staves
  4799 | D:5      | Reached XP level 7. HP: 45/55 MP: 9/9
  5060 | D:5      | Noticed Eustachio
  5423 | D:5      | Reached skill level 4 in Staves
  6398 | D:6      | Found Uliom's General Store.
  6407 | D:6      | Found Ynguis's Jewellery Shop.
  6418 | D:6      | You fall through a shaft for 3 floors!
  6423 | D:8      | Noticed a yak
  6423 | D:8      | Noticed a yak
  6423 | D:8      | Noticed a yak
  6459 | D:8      | Found a sparkling altar of Nemelex Xobeh.
  6512 | D:7      | Reached ** piety under Trog
  6697 | D:7      | Noticed a hippogriff
  6715 | D:7      | Killed a hippogriff
  6715 | D:7      | Reached skill level 5 in Staves
  6733 | D:7      | Reached XP level 8. HP: 26/61 MP: 10/10
  6758 | D:7      | Noticed Duvessa
  6921 | D:7      | Noticed Dowan
  6985 | D:7      | Reached skill level 6 in Staves
  7058 | D:7      | Killed Duvessa
  7086 | D:7      | Killed Dowan
  7352 | D:7      | Reached skill level 7 in Staves
  7518 | D:7      | Found a transporter.
  7523 | D:7      | Found a roughly hewn altar of Beogh.
  7619 | D:7      | HP: 2/61 [orc warrior/battleaxe (5)]
  7620 | D:7      | Mangled by an orc warrior

Skill      XL: |  1  2  3  4  5  6  7  8 |
---------------+-------------------------+-----
Fighting       | 2 3 4 |  4.8
Armour         | 2 |  2.2
Staves         | 1 3 5 7 |  7.4
Throwing       | |  1.5
Dodging        | |  1.5
Spellcasting   | |  1.3
Hexes          | |  2.6

Action                   |  1- 3 |  4- 6 |  7- 9 || total
-------------------------+-------+-------+-------++-------
Melee: Short sword       |    63 |       |       ||    63
       Dagger            |    51 |   226 |    15 ||   292
       Spear             |     3 |       |       ||     3
       Quarterstaff      |       |   157 |   206 ||   363
Throw: Javelin           |    11 |    11 |    29 ||    51
       Throwing net      |     2 |       |       ||     2
Invok: Burn Spellbooks   |       |     1 |       ||     1
       Trog's Hand       |       |       |     1 ||     1
Evoke: Wand              |       |       |     1 ||     1
  Use: Scroll            |       |     7 |     4 ||    11
 Stab: Sleeping          |     1 |       |       ||     1
Armor: Robe              |    29 |    10 |       ||    39
       Chain mail        |       |   217 |   123 ||   340
       Plate armour      |       |       |    11 ||    11
Dodge: Dodged            |    88 |   147 |    72 ||   307
